AoeStats
← zofrano

Golden Pit

507709068Analyzed
1v1 RM · 11d ago on Sep 19, 2026· 49m 0s· 2 players
Game mode
Random Map
Map size
Tiny (2 player)
Population
200
Speed
Normal
Resources
Standard
Victory
Conquest
Starting age
Dark Age
Ending age
Imperial Age
RankedLock teamsTeams togetherTeam positionsShared explorationLock speedFull tech treeHidden civsTurbo modeCheats
Victory
Defeat
🇹🇷 Burgundians · Türkiye
903
+15
🇳🇱 Wei · Netherlands
875
-15
FLD88
3:37 Loom
11:51 Feudal Age
12:42 Double-Bit Axe
14:06 Horse Collar
21:23 Castle Age
19:47 Fletching
23:32 Bodkin Arrow
23:37 Padded Archer Armor
24:21 Town Watch
31:18 Thumb Ring
33:24 Ballistics
33:07 Gold Mining
37:04 Imperial Age
35:24 Bow Saw
37:55 Bracer
39:35 Parthian Tactics
46:58 Tuntian
47:06 Murder Holes
zofrano
6:46 Loom
9:29 Feudal Age
8:02 Horse Collar
8:46 Double-Bit Axe
10:11 Town Watch
11:16 Bow Saw
11:39 Heavy Plow
16:30 Gold Mining
18:16 Wheelbarrow
18:26 Gold Shaft Mining
22:06 Castle Age
20:36 Stone Mining
22:07 Stone Shaft Mining
22:53 Husbandry
24:09 Two-Man Saw
23:40 Crop Rotation
23:17 Scale Barding Armor
22:38 Light Cavalry
23:34 Forging
24:24 Padded Archer Armor
26:47 Fletching
29:48 Ballistics
29:50 Leather Archer Armor
32:58 Murder Holes
36:09 Imperial Age
35:01 Iron Casting
35:15 Bodkin Arrow
36:00 Chain Barding Armor
36:37 Hand Cart
36:39 Burgundian Vineyards
38:36 Plate Barding Armor
39:08 Conscription
40:58 Elite Coustillier
Connection lost

Rejoining the realm…

Still unreachable

The connection could not be restored.

Session expired

The server has moved on; the page needs a fresh start.